Workbook

Sheet Gastos
A1: Control de gastos diario
A2: Una fila por gasto · las celdas amarillas son para ti
A4: Fecha | B4: Concepto | C4: Categoría | D4: Método de pago | E4: Importe | F4: Periodo (auto)
A5: 46293 | B5: Compra semanal en Mercadona | C5: Alimentación | D5: Tarjeta | E5: 87.45 | F5: =IF(A5="",0,YEAR(A5)*100+MONTH(A5))
A6: 46295 | B6: Recibo de la luz | C6: Vivienda | D6: Transferencia | E6: 64.2 | F6: =IF(A6="",0,YEAR(A6)*100+MONTH(A6))
A7: 46296 | B7: Alquiler de octubre | C7: Vivienda | D7: Transferencia | E7: 750 | F7: =IF(A7="",0,YEAR(A7)*100+MONTH(A7))
A8: 46297 | B8: Abono de transporte | C8: Transporte | D8: Tarjeta | E8: 45 | F8: =IF(A8="",0,YEAR(A8)*100+MONTH(A8))
A9: 46298 | B9: Desayuno en el bar | C9: Ocio | D9: Efectivo | E9: 6.8 | F9: =IF(A9="",0,YEAR(A9)*100+MONTH(A9))
A10: 46300 | B10: Farmacia | C10: Salud | D10: Tarjeta | E10: 14.35 | F10: =IF(A10="",0,YEAR(A10)*100+MONTH(A10))
A11: 46301 | B11: Cena con amigos | C11: Ocio | D11: Bizum | E11: 32.5 | F11: =IF(A11="",0,YEAR(A11)*100+MONTH(A11))
A12: 46303 | B12: Gasolina | C12: Transporte | D12: Tarjeta | E12: 58.9 | F12: =IF(A12="",0,YEAR(A12)*100+MONTH(A12))
A13: 46305 | B13: Plataforma de series | C13: Suscripciones | D13: Tarjeta | E13: 13.99 | F13: =IF(A13="",0,YEAR(A13)*100+MONTH(A13))
A14: 46307 | B14: Compra en Carrefour | C14: Alimentación | D14: Tarjeta | E14: 112.3 | F14: =IF(A14="",0,YEAR(A14)*100+MONTH(A14))
A15: 46309 | B15: Zapatillas de deporte | C15: Ropa | D15: Tarjeta | E15: 69.95 | F15: =IF(A15="",0,YEAR(A15)*100+MONTH(A15))
A16: 46311 | B16: Fisioterapeuta | C16: Salud | D16: Efectivo | E16: 45 | F16: =IF(A16="",0,YEAR(A16)*100+MONTH(A16))
... A20: 46317 | B20: Regalo de cumpleaños | C20: Otros | D20: Tarjeta | E20: 35 | F20: =IF(A20="",0,YEAR(A20)*100+MONTH(A20))
F21: =IF(A21="",0,YEAR(A21)*100+MONTH(A21))
F22: =IF(A22="",0,YEAR(A22)*100+MONTH(A22))
F23: =IF(A23="",0,YEAR(A23)*100+MONTH(A23))
F24: =IF(A24="",0,YEAR(A24)*100+MONTH(A24))
F25: =IF(A25="",0,YEAR(A25)*100+MONTH(A25))
F26: =IF(A26="",0,YEAR(A26)*100+MONTH(A26))
F27: =IF(A27="",0,YEAR(A27)*100+MONTH(A27))
F28: =IF(A28="",0,YEAR(A28)*100+MONTH(A28))
F29: =IF(A29="",0,YEAR(A29)*100+MONTH(A29))
F30: =IF(A30="",0,YEAR(A30)*100+MONTH(A30))
F31: =IF(A31="",0,YEAR(A31)*100+MONTH(A31))
F32: =IF(A32="",0,YEAR(A32)*100+MONTH(A32))
... F104: =IF(A104="",0,YEAR(A104)*100+MONTH(A104))
A106: Plantilla gratuita de plantillasdeexcel.es

Sheet Resumen
A1: Resumen de gastos
A2: Se calcula solo a partir de la hoja Gastos
A4: Año de los totales mensuales | B4: 2026
A6: Categoría | B6: Total | C6: % del total | E6: Método de pago | F6: Total
A7: Alimentación | B7: =SUMIF(Gastos!$C$5:$C$104,A7,Gastos!$E$5:$E$104) | C7: =IF($B$15=0,0,B7/$B$15) | E7: Tarjeta | F7: =SUMIF(Gastos!$D$5:$D$104,E7,Gastos!$E$5:$E$104)
A8: Vivienda | B8: =SUMIF(Gastos!$C$5:$C$104,A8,Gastos!$E$5:$E$104) | C8: =IF($B$15=0,0,B8/$B$15) | E8: Efectivo | F8: =SUMIF(Gastos!$D$5:$D$104,E8,Gastos!$E$5:$E$104)
A9: Transporte | B9: =SUMIF(Gastos!$C$5:$C$104,A9,Gastos!$E$5:$E$104) | C9: =IF($B$15=0,0,B9/$B$15) | E9: Bizum | F9: =SUMIF(Gastos!$D$5:$D$104,E9,Gastos!$E$5:$E$104)
A10: Ocio | B10: =SUMIF(Gastos!$C$5:$C$104,A10,Gastos!$E$5:$E$104) | C10: =IF($B$15=0,0,B10/$B$15) | E10: Transferencia | F10: =SUMIF(Gastos!$D$5:$D$104,E10,Gastos!$E$5:$E$104)
A11: Salud | B11: =SUMIF(Gastos!$C$5:$C$104,A11,Gastos!$E$5:$E$104) | C11: =IF($B$15=0,0,B11/$B$15) | E11: Total | F11: =SUM(F7:F10)
A12: Ropa | B12: =SUMIF(Gastos!$C$5:$C$104,A12,Gastos!$E$5:$E$104) | C12: =IF($B$15=0,0,B12/$B$15)
A13: Suscripciones | B13: =SUMIF(Gastos!$C$5:$C$104,A13,Gastos!$E$5:$E$104) | C13: =IF($B$15=0,0,B13/$B$15)
A14: Otros | B14: =SUMIF(Gastos!$C$5:$C$104,A14,Gastos!$E$5:$E$104) | C14: =IF($B$15=0,0,B14/$B$15)
A15: Total | B15: =SUM(B7:B14) | C15: =SUM(C7:C14)
A18: Mes | B18: Gastos | C18: Nº de gastos
A19: Enero | B19: =SUMIF(Gastos!$F$5:$F$104,$B$4*100+1,Gastos!$E$5:$E$104) | C19: =COUNTIF(Gastos!$F$5:$F$104,$B$4*100+1)
A20: Febrero | B20: =SUMIF(Gastos!$F$5:$F$104,$B$4*100+2,Gastos!$E$5:$E$104) | C20: =COUNTIF(Gastos!$F$5:$F$104,$B$4*100+2)
A21: Marzo | B21: =SUMIF(Gastos!$F$5:$F$104,$B$4*100+3,Gastos!$E$5:$E$104) | C21: =COUNTIF(Gastos!$F$5:$F$104,$B$4*100+3)
A22: Abril | B22: =SUMIF(Gastos!$F$5:$F$104,$B$4*100+4,Gastos!$E$5:$E$104) | C22: =COUNTIF(Gastos!$F$5:$F$104,$B$4*100+4)
A23: Mayo | B23: =SUMIF(Gastos!$F$5:$F$104,$B$4*100+5,Gastos!$E$5:$E$104) | C23: =COUNTIF(Gastos!$F$5:$F$104,$B$4*100+5)
A24: Junio | B24: =SUMIF(Gastos!$F$5:$F$104,$B$4*100+6,Gastos!$E$5:$E$104) | C24: =COUNTIF(Gastos!$F$5:$F$104,$B$4*100+6)
A25: Julio | B25: =SUMIF(Gastos!$F$5:$F$104,$B$4*100+7,Gastos!$E$5:$E$104) | C25: =COUNTIF(Gastos!$F$5:$F$104,$B$4*100+7)
A26: Agosto | B26: =SUMIF(Gastos!$F$5:$F$104,$B$4*100+8,Gastos!$E$5:$E$104) | C26: =COUNTIF(Gastos!$F$5:$F$104,$B$4*100+8)
A27: Septiembre | B27: =SUMIF(Gastos!$F$5:$F$104,$B$4*100+9,Gastos!$E$5:$E$104) | C27: =COUNTIF(Gastos!$F$5:$F$104,$B$4*100+9)
A28: Octubre | B28: =SUMIF(Gastos!$F$5:$F$104,$B$4*100+10,Gastos!$E$5:$E$104) | C28: =COUNTIF(Gastos!$F$5:$F$104,$B$4*100+10)
A29: Noviembre | B29: =SUMIF(Gastos!$F$5:$F$104,$B$4*100+11,Gastos!$E$5:$E$104) | C29: =COUNTIF(Gastos!$F$5:$F$104,$B$4*100+11)
A30: Diciembre | B30: =SUMIF(Gastos!$F$5:$F$104,$B$4*100+12,Gastos!$E$5:$E$104) | C30: =COUNTIF(Gastos!$F$5:$F$104,$B$4*100+12)
A31: Total del año | B31: =SUM(B19:B30) | C31: =SUM(C19:C30)
A33: Los totales por categoría y por método incluyen todos los gastos anotados; la tabla de meses solo los del año elegido arriba.
A35: Plantilla gratuita de plantillasdeexcel.es
